 Dungeon Crawl Stone Soup version 0.27-a0-1177-g245c70e1c0 (webtiles) character file.

Game seed: 15785289319370838608

6 Glokmah the Conjurer (level 1, 0/15 HPs)
             Began as a Demonspawn Wanderer on May 16, 2021.
             Slain by a giant cockroach (1 damage)
             ... on level 1 of the Dungeon.
             The game lasted 00:00:45 (334 turns).

Glokmah the Conjurer (Demonspawn Wanderer)           Turns: 334, Time: 00:00:46

Health: 0/15       AC:  2    Str: 12    XL:     1   Next: 75%
Magic:  12/12      EV: 11    Int: 11    God:
Gold:   14         SH:  0    Dex: 14    Spells: 4/4 levels left

rFire    . . .     SeeInvis .   a - +2 dagger
rCold    . . .     Faith    .   (no shield)
rNeg     . . .     Spirit   .   f - +0 robe
rPois    .         Reflect  .   (no helmet)
rElec    .         Harm     .   (no cloak)
rCorr    .         Rampage  .   (no gloves)
Will     .....                  (no boots)
Stlth    ++........             (no amulet)
HPRegen  0.05/turn              h - ring of magical power
MPRegen  0.13/turn              (no ring)

@: no status effects
A: no striking features
a: no special abilities


You were on level 1 of the Dungeon.
You visited 1 branch of the dungeon, and saw 1 of its levels.

You collected 14 gold pieces.

Inventory:

Hand Weapons
 a - a +2 dagger (weapon)
 c - a +0 spear
Missiles
 d - 13 poisoned darts (quivered)
 e - 5 atropa-tipped darts
 g - 14 stones
Armour
 f - a +0 robe (worn)
Jewellery
 h - a ring of magical power (left hand)
Potions
 b - a potion of berserk rage
 i - a potion of brilliance {unknown}


   Skills:
 + Level 1.0 Fighting
 + Level 1.1 Throwing
 + Level 1.7 Armour
 + Level 0.1 Dodging
 + Level 1.0 Stealth
 + Level 2.1 Spellcasting
 + Level 2.2 Conjurations
 + Level 1.0 Transmutations


You had 4 spell levels left.
You didn't know any spells.
Your spell library contained the following spells:

 Spells                   Type           Power      Damage    Failure   Level
 Animate Skeleton         Necr           2%         N/A       28%         1
 Apportation              Tloc           2%         N/A       28%         1
 Corona                   Hex            1%         N/A       28%         1
 Summon Small Mammal      Summ           4%         N/A       28%         1


Dungeon Overview and Level Annotations

Branches:
Dungeon (1/15)

Altars:


Message History

You completely miss the giant cockroach.
The bat barely misses you. The giant cockroach barely misses you.
The bat closely misses you. The hobgoblin completely misses you.
The giant cockroach bites you but does no damage.
You hit the giant cockroach.
The giant cockroach is moderately wounded.
The bat hits you. x2; The hobgoblin hits you.
The giant cockroach closely misses you. The bat hits you.
* * * LOW HITPOINT WARNING * * *
The hobgoblin barely misses you. The bat closely misses you.
The bat hits you but does no damage. The bat barely misses you.
The giant cockroach closely misses you. The bat closely misses you.
The bat hits you but does no damage. The bat hits you.
* * * LOW HITPOINT WARNING * * *
The bat barely misses you. The bat closely misses you.
The bat hits you but does no damage. The bat completely misses you.
The giant cockroach waves its antennae.
The bat hits you but does no damage. The bat barely misses you.
The bat hits you but does no damage. The bat hits you.
* * * LOW HITPOINT WARNING * * *
The bat barely misses you. The bat hits you.
* * * LOW HITPOINT WARNING * * *
The bat misses you. The bat barely misses you. The bat closely misses you.
You barely miss the bat. The bat barely misses you. The bat barely misses you.
You hit the bat.
You kill the bat!
The giant cockroach bites you.
* * * LOW HITPOINT WARNING * * *
The giant cockroach bites you.
You die...

.....#..##
##.##
#.##.##.###
.<....#..# #..#
#.##......#
.....#..# ##.#
#.##......#
....#..# #.##
#.##......#
####..## #..#
#.......###
.....## ##g#
#.......#
...### #.#
#........ ##.#
#B## #.......##
#.# ####
##@.###........
##.## ...#
#.....#.. #...#
....# #...†.#..
#...#.....
#.....#..
#.........
#.....#.#
...##.#>..
####..#.#
##†...# .
##.#.# ....###
#.#.# . ###.#
#...#####..


You could see a giant cockroach and a hobgoblin.

Vanquished Creatures
  3 bats (D:1)
  A goblin (D:1)
  A quokka (D:1)
  A kobold (D:1)
6 creatures vanquished.

Notes
Turn   | Place    | Note
-------+----------+-------------------------------------------
     0 | D:1      | Glokmah the Demonspawn Wanderer began the quest for the
                  | Orb.
     0 | D:1      | Glokmah set off with the following items: a +2 dagger, a
                  | potion of berserk rage, a +0 spear, 13 poisoned darts, a +0
                  | dagger, a +0 robe
     0 | D:1      | Reached XP level 1. HP: 15/15 MP: 3/3
   334 | D:1      | Slain by a giant cockroach

Illustrated notes

Levels and vault maps discovered:
D:1:      scummos_arrival_hexagon, layout_basic,
          ebering_ecumenical_altar_sacrificial, minmay_vboxes

Action                   || total
-------------------------++-------
Melee: Dagger            ||    22
 Stab: Sleeping          ||     3
Armor: Robe              ||    12
Dodge: Dodged            ||    35

Table legend: (Time is in decaauts)
 A = Elapsed time spent in this place.
 B = Non-inter-level travel time spent in this place.
 C = Inter-level travel time spent in this place.
 D = Time resting spent in this place.
 E = Time spent auto-exploring this place.
 F = Levels seen in this place.
 G = Mean time per level.
                   A        B        C        D        E       F      G
               +--------+--------+--------+--------+--------+-----+--------+
         Total |    333 |    333 |      0 |      0 |    234 |   1 |  333.0 |
       Dungeon |    333 |    333 |      0 |      0 |    234 |   1 |  333.0 |
               +--------+--------+--------+--------+--------+-----+--------+

Top non-repeatable levels by time:
     D:1: 333 daAuts
